 Dungeon Crawl Stone Soup version 0.31-a0-200-gbc41564c69 (webtiles) character file.

Game seed: 8367789776309252070

104 qw the Shooter (level 4, 0/25 HPs)
             Began as a Deep Elf Hunter on June 25, 2023.
             Slain by an orc
             ... wielding a +0 falchion
              (5 damage)
             ... on level 3 of the Dungeon.
             The game lasted 00:00:34 (1486 turns).

qw the Shooter (Deep Elf Hunter)                    Turns: 1486, Time: 00:00:34

Health: 0/25       AC:  3    Str: 10    XL:     4   Next: 52%
Magic:  6/6        EV: 12    Int: 14    God:
Gold:   89         SH:  0    Dex: 18    Spells: 3/3 levels left

rFire   . . .        Y - +1 shortbow
rCold   . . .        (shield currently unavailable)
rNeg    . . .        c - +0 leather armour
rPois   .            (no helmet)
rElec   .            (no cloak)
rCorr   .            (no gloves)
SInv    .            (no boots)
Will    .....        (no amulet)
Stlth   ++           (no ring)
HPRegen 0.24/turn    (no ring)
MPRegen 0.10/turn

%: no passive effects
@: no status effects
A: no striking features
a: no special abilities


You were on level 3 of the Dungeon.
You visited 1 branch of the dungeon, and saw 3 of its levels.

You collected 89 gold pieces.


   Skills:
 - Level 1.5 Fighting
 + Level 7.9 Ranged Weapons
 - Level 2.4 Dodging
 - Level 1.2 Stealth


You had 3 spell levels left.
You didn't know any spells.
Your spell library was empty.

Inventory:

Hand Weapons
 Y - a +1 shortbow (weapon)
Armour
 b - a +0 scale mail
 c - a +0 leather armour (worn)
Scrolls
 a - a scroll of identify
Potions
 d - a potion of attraction {unknown}
 e - a potion of magic {unknown}
 f - 2 potions of mutation {unknown}
 g - a potion of invisibility {unknown}
 h - a potion of berserk rage {unknown}
 j - a potion of heal wounds {unknown}

Dungeon Overview and Level Annotations

Branches:
Dungeon (3/15)

Altars:

Shops:
D:2 :


Message History

The adder bites you but does no damage. The adder closely misses you.
You shoot an arrow. The arrow hits the adder.
The adder is heavily wounded.
The adder barely misses you.
You shoot an arrow. The arrow closely misses the adder.
The adder bites you. The adder completely misses you.
You shoot an arrow. The arrow hits the adder.
The adder is severely wounded.
The adder closely misses you.
You shoot an arrow. The arrow hits the adder!
You kill the adder!
You start resting.
HP restored.
You see here an adder corpse.
As you open the door, it creaks loudly! 2 orc priests and 5 orcs come into view.
The orc priest shouts!
The orc shouts! x3
Found 64 gold pieces.
Found a roughly hewn altar of Beogh.
Enter note: You shoot an arrow.
The arrow barely misses the orc. x2
The orc hits you with a +0 flail!
The orc priest miscasts a cantrip.
You shoot an arrow. The arrow hits the orc.
The orc is severely wounded.
The orc hits you with a +0 flail!
You shoot an arrow. The arrow hits the orc!
You kill the orc!
You shoot an arrow. The arrow barely misses the orc.
The arrow hits the orc but does no damage.
The orc barely misses you.
You shoot an arrow. The arrow closely misses the orc. x2
The arrow hits the orc priest.
The orc priest is lightly wounded.
You shoot an arrow. The arrow hits the orc!
You kill the orc!
The orc hits you with a +0 falchion.
You shoot an arrow. The arrow hits the orc priest.
The orc priest is heavily wounded.
The orc hits you with a +0 falchion.
You die...

# ... #. #.# ###.###.# #
#.. ..#.#.# #.###.#
#.#.#.# #....^# #.....#
### ######.###.#.# .$.##
#............# ###o8.8$#
..######%###.###@oo.$._#
..# #.##...#.o#o8$8.#
..# #.#......## $.$##
..# #..........# ### ..#
#.#.....####
..######.##...##
.............##
..############ ..#


You could see 2 orc priests and 3 orcs.

Vanquished Creatures
  A hound (D:3)
  3 adders
  A worm (D:2)
  A dart slug (D:1)
  3 orcs (D:3)
  5 endoplasms
  3 goblins
  4 hobgoblins
  2 jackals (D:1)
  3 kobolds (D:1)
  2 quokkas
  5 ball pythons
  4 bats
  3 frilled lizards
40 creatures vanquished.

Notes
Turn   | Place    | Note
-------+----------+-------------------------------------------
     0 | D:1      | qw the Deep Elf Hunter began the quest for the Orb.
     0 | D:1      | Reached XP level 1. HP: 12/12 MP: 3/3
     0 | D:1      | 0 ||| qw: Version: 0.3-a-22-g0ed2b0b
     0 | D:1      | 0 ||| qw: Game counter: 5635
     0 | D:1      | 0 ||| qw: Melee chars always use a shield: true
     0 | D:1      | 0 ||| qw: God list: Okawaru
     0 | D:1      | 0 ||| qw: Allow faded altars: false
     0 | D:1      | 0 ||| qw: Do Orc after clearing Dungeon:15 true
     0 | D:1      | 0 ||| qw: Do second Lair branch before Depths: true
     0 | D:1      | 0 ||| qw: Lair rune preference: random
     0 | D:1      | 0 ||| qw: Goals: Normal
     0 | D:1      | 0 ||| PLANNING D:1-11
   189 | D:1      | Reached XP level 2. HP: 16/16 MP: 4/4
   198 | D:1      | Reached skill level 6 in Ranged Weapons
   738 | D:1      | 738 ||| READING scroll labelled ZEYREM WOLITA.
   739 | D:1      | 739 ||| READING scroll labelled TIAGIC OBRERAP.
   744 | D:1      | 744 ||| READING scroll labelled SIDWOITZAD.
   745 | D:1      | 745 ||| READING scroll labelled GOMURE ANWEN.
   746 | D:1      | 746 ||| DROPPING scroll of butterflies.
   777 | D:2      | Reached XP level 3. HP: 20/20 MP: 5/5
   871 | D:2      | Noticed a walking divine tome
   873 | D:2      | Found Uzuttub's Book Shop.
   876 | D:2      | Noticed a walking crystal tome
  1015 | D:2      | Reached skill level 7 in Ranged Weapons
  1280 | D:2      | 1280 ||| READING 2 scrolls labelled SOOPIB QIAHUFU.
  1281 | D:2      | 1281 ||| READING scroll labelled KINEL ESIXU.
  1282 | D:2      | 1282 ||| READING scroll labelled JODUKO WAYG.
  1283 | D:2      | 1283 ||| DROPPING scroll of blinking.
  1380 | D:3      | Reached XP level 4. HP: 19/25 MP: 6/6
  1485 | D:3      | HP: 5/25 [orc/+0 falchion (5)]
  1486 | D:3      | Slain by an orc

Levels and vault maps discovered:
D:1:      matt_arrival_spirals, layout_basic
D:2:      layout_loops_ring, serial_shops, nicolae_shop_mannequins,
          nicolae_concentric_dashed_squares_mild
D:3:      layout_loops_ring, kennysheep_orc_chapel, uniq_jessica

Skill      XL: |  1  2  3 |
---------------+----------+-----
Ranged Weapons | 6 7 |  7.9
Fighting       | |  1.5
Dodging        | |  2.4
Stealth        | |  1.2

Action                     |  1- 3 |  4- 6 || total
---------------------------+-------+-------++-------
   Fire: Shortbow          |   106 |    20 ||   126
    Use: Scroll            |     7 |       ||     7
 Armour: Leather armour    |    13 |     4 ||    17
  Dodge: Dodged            |    27 |     9 ||    36

Table legend:
 A = Non-vault XP
 B = Vault XP
 C = Vault XP percentage of total XP
 D = Non-vault monster count
 E = Vault monster count
 F = Vault count percentage of total count
                 A         B        C        D         E       F
            +---------+---------+-------+---------+---------+-------
      Total |     149 |       0 |   0.0 |      40 |       0 |   0.0
            +---------+---------+-------+---------+---------+-------
        D:1 |      38 |       0 |   0.0 |      23 |       0 |   0.0
        D:2 |      32 |       0 |   0.0 |      10 |       0 |   0.0
        D:3 |      79 |       0 |   0.0 |       7 |       0 |   0.0
            +---------+---------+-------+---------+---------+-------
